 Dungeon Crawl Stone Soup version 0.30.0-18-gc0e69614cb (webtiles) character file.

Game seed: 15423943268660957430

3176 KittyFluff the Basher (level 9, -1/56 HPs)
             Began as a Gargoyle Berserker on May 25, 2023.
             Was a High Priest of Trog.
             Slain by an acid dragon (7 damage)
             ... on level 8 of the Dungeon.
             The game lasted 00:36:30 (6803 turns).

KittyFluff the Basher (Gargoyle Berserker)          Turns: 6803, Time: 00:36:31

Health: -1/56      AC:  8    Str: 21    XL:     9   Next: 95%
Magic:  9/9        EV: 13    Int: 14    God:    Trog [*****.]
Gold:   575        SH:  0    Dex: 16    Spells: 8/8 levels left

rFire   . . .        B - +2 flail (venom)
rCold   . . .        (no shield)
rNeg    + . .        k - +1 leather armour "Gaolun" {*Corrode Int+3 Dex+3 Slay+5}
rPois   ∞            H - +2 helmet of the Scorching Gods {rPois Int+3}
rElec   +            v - +0 cloak
rCorr   .            g - +0 pair of gloves
SInv    .            (no boots)
Will    ++...        (no amulet)
Stlth   ++           y - ring of the Four Xalams {+Blink Will+ Slay+4}
HPRegen 0.29/turn    C - ring of willpower
MPRegen 0.11/turn

%: corrode self (3%)
@: corroded
A: sickness immunity, AC +6, negative energy resistance 1, electricity
resistance, torment resistance 1, petrification resistance
a: Renounce Religion, Evoke Blink, Berserk, Trog's Hand, Brothers in Arms


You were on level 8 of the Dungeon.
You worshipped Trog.
Trog was extremely pleased with you.
You visited 1 branch of the dungeon, and saw 8 of its levels.
You also visited: Sewer.

You collected 575 gold pieces.

Inventory:

Hand Weapons
 a - a +0 mace
 b - a +0 sling
 B - a +2 flail of venom (weapon)
 J - a +0 morningstar
 L - a +1 flail of draining
Missiles
 o - 13 poisoned darts
 x - 3 javelins
 D - a throwing net
Armour
 d - a +0 leather armour
 g - a +0 pair of gloves (worn)
 k - the +1 leather armour "Gaolun" (worn) {*Corrode Int+3 Dex+3 Slay+5}
   (You found it on level 2 of the Dungeon)

   Int:       It affects your intelligence (+3).
   Dex:       It affects your dexterity (+3).
   Slay:      It affects your accuracy & damage with ranged weapons and melee
   (+5).
   *Corrode:  It may corrode you when you take damage.
 l - a +1 tower shield of positive energy
 v - a +0 cloak (worn)
 A - a +0 robe of willpower
 H - the +2 helmet of the Scorching Gods (worn) {rPois Int+3}
   (You found it on level 6 of the Dungeon)

   Int:       It affects your intelligence (+3).
   rPois:     It protects you from poison.
 I - the +7 Kryia's mail coat {PotionHeal*2 rC+}
   (You found it on level 6 of the Dungeon)

   PotionHeal*2: Potions heal its wearer twice as much.
   rC:        It protects you from cold.
Jewellery
 y - the ring of the Four Xalams (left hand) {+Blink Will+ Slay+4}
   (You found it on level 4 of the Dungeon)

   [ring of slaying]

   Slay:      It affects your accuracy & damage with ranged weapons and melee
   (+4).
   +Blink:    It lets you blink.
   Will:      It increases your willpower.
 C - a ring of willpower (right hand)
 K - a ring of see invisible
Wands
 z - a wand of flame (12)
 G - a wand of mindburst (6)
Scrolls
 c - 2 scrolls of blinking {unknown}
 f - 4 scrolls of teleportation
 h - 3 scrolls of immolation {unknown}
 j - 2 scrolls of butterflies {unknown}
 n - 2 scrolls of enchant weapon {unknown}
 q - 2 scrolls of fog {unknown}
 r - a scroll of magic mapping
 t - 2 scrolls of brand weapon {unknown}
 u - a scroll of torment
 w - 5 scrolls of noise {unknown}
 N - 2 scrolls of identify
Potions
 e - 5 potions of curing
 i - 2 potions of might
 m - 2 potions of invisibility
 p - 3 potions of heal wounds
 s - a potion of haste
 E - 2 potions of flight {unknown}
 F - 3 potions of magic {unknown}
 M - a potion of lignification {unknown}


   Skills:
 + Level 6.3 Fighting
 * Level 11.0 Maces & Flails
 + Level 1.8 Ranged Weapons
 + Level 3.8 Armour
 + Level 3.1 Dodging
 + Level 2.6 Stealth
 * Level 4.4 Shields


You had 8 spell levels left.
You didn't know any spells.
Your spell library was empty.

Dungeon Overview and Level Annotations

Branches:
Dungeon (8/15)             Temple (0/1) D:6           Sewer (visited)
   Lair: D:8-11

Altars:
Elyvilon
Gozag
Xom
The Shining One

Shops:
D:7 *


Innate Abilities, Weirdness & Mutations

You are immune to sickness and miasma.
Your stone body is resilient. (AC +6)
You are immune to poison.
You resist negative energy. (rN+)
You are resistant to electric shocks. (rElec)
You are resistant to unholy torment.
You are immune to petrification.


Message History

You thump the wight!
The wight is almost destroyed.
You bludgeon the wight!!
You destroy the wight!
Trog accepts your kill.
The wight hits you from afar with a +3 halberd.
The wight hits you with a +3 halberd.
Things that are here:
a +2 halberd; a +0 robe You sock the wight!
The wight is severely damaged.
The wight hits you with a +3 halberd.
You sock the wight!
You destroy the wight!
Trog accepts your kill.
Trog will now gift you melee weapons as you gain piety.
Your Maces & Flails skill increases to level 11!
Things that are here:
a +3 halberd; a +0 robe
Things that are here:
a +2 halberd; a +0 robe
Things that are here:
a +3 halberd; a +0 robe An acid dragon comes into view.
The acid dragon spits acid at you. The splash of acid hits you!
The acid corrodes you! The acid dragon spits acid at you.
The splash of acid hits you! The acid corrodes you!
You sock the acid dragon!
The acid dragon is moderately wounded.
The acid dragon closely misses you. The acid dragon claws you.
You hit the acid dragon but do no damage.
The acid dragon is moderately wounded.
The acid dragon bites you!
* * * LOW HITPOINT WARNING * * *
The acid dragon completely misses you.
You hit the acid dragon.
The acid dragon is heavily wounded.
The acid dragon bites you!
You die...

###########
#########
#.....))..#
#.@D....#
#.#######.#
#.#####.# #.##..#
#.# #.#
#)##..###.#####.###
#.##.........))...#
#.#.....#.#####.#.#
.......##.# #.#.#
#.........# #.# #
#####.##### #..


You could see an acid dragon (catching breath).

Vanquished Creatures
  Pikel (D:3)
  Sigmund (D:3)
  A steam dragon (D:7)
  Menkaure (D:7)
  2 orc warriors (D:7)
  An ice beast (D:6)
  A centaur (D:6)
  3 lemures (D:3)
  3 phantoms
  3 bullfrogs
  4 scorpions
  5 wights
  7 jellies
  A hound (D:5)
  3 orc priests
  2 iguanas
  Natasha (thrice) (D:4 D:3)
  9 orc wizards
  4 gnolls
  10 adders
  3 river rats (Sewer)
  A shadow imp (D:7)
  2 white imps (D:5)
  A worm (D:3)
  3 dart slugs
  22 orcs
  23 ball pythons
  8 bats
  6 endoplasms
  9 giant cockroaches
  4 goblins
  8 hobgoblins
  5 jackals
  7 kobolds
  8 quokkas
  5 frilled lizards
  34 rats
214 creatures vanquished.

Notes
Turn   | Place    | Note
-------+----------+-------------------------------------------
     0 | D:1      | KittyFluff the Gargoyle Berserker began the quest for the
                  | Orb.
     0 | D:1      | Reached XP level 1. HP: 14/14 MP: 1/1
     2 | D:1      | Noticed a vampire
     2 | D:1      | Noticed an elf
     4 | D:1      | Noticed a gargoyle
     4 | D:1      | Noticed a meteoran
     6 | D:1      | Noticed a demigod
     6 | D:1      | Noticed a minotaur
    10 | D:1      | Noticed a troll
    10 | D:1      | Noticed a demonspawn
    12 | D:1      | Noticed a formicid
    14 | D:1      | Noticed a merfolk
    14 | D:1      | Noticed an armataur
    16 | D:1      | Noticed a ghoul
    16 | D:1      | Noticed an octopode
    18 | D:1      | Noticed a naga
    18 | D:1      | Noticed a human
    20 | D:1      | Noticed an ogre
    20 | D:1      | Noticed a vine stalker
    22 | D:1      | Noticed a felid
    22 | D:1      | Noticed a draconian
    24 | D:1      | Noticed a tengu
    24 | D:1      | Noticed a naga
    26 | D:1      | Noticed an elf
    26 | D:1      | Noticed a merfolk
   128 | D:1      | Reached XP level 2. HP: 16/19 MP: 2/2
   386 | D:1      | Reached XP level 3. HP: 5/24 MP: 3/3
   733 | D:1      | Reached ** piety under Trog
  1159 | D:2      | Reached skill level 4 in Maces & Flails
  1159 | D:2      | Reached XP level 4. HP: 22/29 MP: 4/4
  1523 | D:2      | Identified the +1 leather armour "Gaolun" {*Corrode Int+3
                  | Dex+3 Slay+5}
  1742 | D:3      | Found a glowing drain.
  1773 | Sewer    | Entered a sewer
  1884 | Sewer    | Reached *** piety under Trog
  1887 | Sewer    | Reached XP level 5. HP: 33/33 MP: 5/5
  2077 | Sewer    | Reached skill level 5 in Maces & Flails
  2077 | Sewer    | Reached XP level 6. HP: 14/39 MP: 6/6
  2081 | Sewer    | Reached skill level 1 in Ranged Weapons
  2327 | D:3      | Found a white marble altar of Elyvilon.
  2688 | D:3      | Reached **** piety under Trog
  2886 | D:3      | Noticed Sigmund
  2902 | D:3      | Killed Sigmund
  2903 | D:3      | Reached skill level 6 in Maces & Flails
  2903 | D:3      | Reached skill level 1 in Shields
  2903 | D:3      | Reached XP level 7. HP: 22/44 MP: 7/7
  3174 | D:4      | Identified the ring of the Four Xalams {+Blink Will+
                  | Slay+4}
  3192 | D:4      | Noticed Natasha
  3198 | D:4      | Killed Natasha
  3332 | D:4      | Reached skill level 1 in Stealth
  3375 | D:4      | Noticed Natasha
  3378 | D:4      | Noticed Pikel
  3387 | D:3      | Killed Natasha
  3798 | D:3      | Noticed Natasha
  3809 | D:3      | Killed Natasha
  3810 | D:3      | Reached skill level 7 in Maces & Flails
  3896 | D:3      | Killed Pikel
  3897 | D:3      | Reached skill level 5 in Fighting
  3897 | D:3      | Reached skill level 8 in Maces & Flails
  3897 | D:3      | Reached XP level 8. HP: 31/49 MP: 8/8
  4107 | D:5      | Entered Level 5 of the Dungeon
  4222 | D:5      | Found an opulent altar of Gozag.
  4380 | D:5      | Found a glowing golden altar of the Shining One.
  4608 | D:6      | Reached skill level 9 in Maces & Flails
  4670 | D:6      | Reached XP level 9. HP: 54/54 MP: 9/9
  4717 | D:6      | Identified the +2 helmet of the Scorching Gods {rPois
                  | Int+3}
  4787 | D:6      | Found the +7 Kryia's mail coat {PotionHeal*2 rC+}
  4793 | D:6      | Found a staircase to the Ecumenical Temple.
  5005 | D:6      | Found a shimmering altar of Xom.
  5646 | D:7      | Reached skill level 10 in Maces & Flails
  5973 | D:7      | Found Acyjaficzu's General Store.
  6004 | D:7      | Noticed Menkaure
  6011 | D:7      | Killed Menkaure
  6791 | D:8      | Reached ***** piety under Trog
  6792 | D:8      | Reached skill level 11 in Maces & Flails
  6803 | D:8      | Slain by an acid dragon

Illustrated notes

Levels and vault maps discovered:
D:1:      kb_arrival_jail, layout_loops_ring
D:2:      layout_loops_ring
D:3:      layout_basic, elyvilon_altar_4, gup_sewer_entry_pipe,
          kennysheep_generic_room_15, uniq_sigmund
D:4:      layout_gridville, wad_floor_pattern_untrapped, eino_tiny_chamber,
          uniq_natasha, uniq_pikel
D:5:      layout_cave_pools, marbit_many_paths, lemuel_crystal_altar
D:6:      layout_basic, dk_xom_monty_hall, minmay_temple_entry_mist
D:7:      layout_loops_ring, serial_shops, shop, minmay_gold_behind_fungi,
          kennysheep_generic_room_11, uniq_menkaure
D:8:      layout_loops_corners, old_standard_altar, hangedman_decor_riveting,
          feat_on_display

Skill      XL: |  1  2  3  4  5  6  7  8  9 |
---------------+----------------------------+-----
Fighting       | 4 5 6 |  6.3
Maces & Flails | 4 5 6 8 9 11 | 11.0
Dodging        | 2 3 |  3.1
Ranged Weapons | 1 |  1.8
Shields        | 1 2 3 4 |  4.4
Armour         | 3 |  3.8
Stealth        | 1 2 |  2.6

Action                     |  1- 3 |  4- 6 |  7- 9 || total
---------------------------+-------+-------+-------++-------
  Melee: Mace              |   106 |   157 |    90 ||   353
         Punch             |       |       |     5 ||     5
         Flail             |       |       |   142 ||   142
   Fire: Sling             |       |    28 |       ||    28
 Invoke: Berserk           |     1 |     1 |     1 ||     3
    Use: Scroll            |     1 |       |     9 ||    10
   Stab: Sleeping          |       |       |     2 ||     2
         Distracted        |       |       |     1 ||     1
 Armour: Animal skin       |    10 |       |       ||    10
         Leather armour    |    40 |    69 |    91 ||   200
  Dodge: Dodged            |    79 |   117 |   112 ||   308
